 Dungeon Crawl Stone Soup version 0.30-a0-137-gd8773701ce (webtiles) character file.

Game seed: 9543141951247420307

97 blackman the Chopper (level 5, -2/42 HPs)
             Began as a Human Monk on Sept 22, 2022.
             Was an Elder of Zin.
             Slain by Sigmund
             ... wielding a +0 scythe
              (6 damage)
             ... on level 3 of the Dungeon.
             The game lasted 00:03:14 (2411 turns).

blackman the Chopper (Human Monk)                   Turns: 2411, Time: 00:03:14

Health: -2/42      AC:  2    Str: 13    XL:     5   Next: 0%
Magic:  5/5        EV: 14    Int: 10    God:    Zin [****..]
Gold:   153        SH:  0    Dex: 22    Spells: 4/4 levels left

rFire   . . .      SeeInvis .    f - +2 spear (venom)
rCold   . . .      Faith    .    (no shield)
rNeg    . . .      Spirit   .    b - +0 robe
rPois   .          Reflect  .    (no helmet)
rElec   .          Harm     .    (no cloak)
rCorr   .          Rampage  .    (no gloves)
Will    .....                    (no boots)
Stlth   ++........               (no amulet)
HPRegen 0.14/turn                q - +6 ring of dexterity
MPRegen 0.09/turn                (no ring)

@: weak-willed, hasted, very quick
A: no striking features
a: Renounce Religion, Recite, Vitalisation, Imprison, Donate Gold


You were on level 3 of the Dungeon.
You worshipped Zin.
Zin was greatly pleased with you.
You visited 1 branch of the dungeon, and saw 3 of its levels.

You collected 170 gold pieces.
You donated 17 gold pieces to Zin.

Inventory:

Hand Weapons
 a - a +0 hand axe
 f - a +2 spear of venom (weapon)
   (You found it on level 1 of the Dungeon)
Armour
 b - a +0 robe (worn)
Jewellery
 q - a +6 ring of dexterity (left hand)
   (You found it on level 2 of the Dungeon)
Scrolls
 d - a scroll of butterflies
 g - 3 scrolls of vulnerability (quivered)
 h - a scroll of magic mapping {unknown}
 k - a scroll of poison {unknown}
 l - a scroll of enchant weapon {unknown}
 m - a scroll of teleportation {unknown}
 o - a scroll of fear {unknown}
 p - a scroll of torment {unknown}
 r - a scroll of identify
 s - a scroll of enchant armour {unknown}
Potions
 i - a potion of attraction {unknown}
 n - a potion of curing {unknown}


   Skills:
 + Level 4.2 Fighting
 - Level 4.3 Axes
 - Level 3.0 Dodging
 - Level 2.0 Stealth


You had 4 spell levels left.
You didn't know any spells.
Your spell library contained the following spells:

 Spells                   Type           Power      Damage    Failure   Level
 Apportation              Tloc           0%         N/A       36%         1
 Necrotise                Necr           0%         1d4       36%         1
 Summon Small Mammal      Summ           0%         N/A       36%         1


Dungeon Overview and Level Annotations

Branches:
Dungeon (3/15)

Altars:
Vehumet
Zin

Annotations:
D:3 Sigmund


Message History

Sigmund casts a spell.
Sigmund flickers and vanishes!
Deactivating autopickup; reactivate with Ctrl-A.
A puff of flame appears from out of thin air!
The puff of flame misses you.
You reach to attack!
You hit the kobold.
The kobold is poisoned.
The kobold is severely wounded.
You kill the kobold!
You have reached level 5!
You feel agile.
q - a +6 ring of dexterity (left hand)
Something hits you.
You hear some strange, mumbled words.
You are confused.
Something hits you. Something hits you!
Things that are here:
a +0 short sword; a kobold corpse You bump into the rock wall.
Something hits you.
You bump into the rock wall.
Something hits you!
* * * LOW HITPOINT WARNING * * *
You are more confused.
You feel invigorated. Something hits you.
You feel less invigorated. Something barely misses you.
You feel less confused.
As you read the scroll labelled VACAILIMPU, it crumbles to dust.
Magic quickly surges around you.
It was a scroll of vulnerability.
Something hits you!
As you read the scroll labelled LIRUAG VOORCH, it crumbles to dust.
It is a scroll of identify.
d - a scroll of butterflies;
r - a scroll of identify
e - a bubbling sapphire potion Something hits you!
* * * LOW HITPOINT WARNING * * *
It was a potion of lignification.
Zin protects your body from unnatural transformation!
You feel woody for a moment.
It was a potion of haste.
You feel yourself speed up. Something hits you.
You die...

######### # # ######### #
#.......# # #.#####.# #
#######.#####.###### ...
....................
....########....##.######
........@)..###.##.# #
............# #.##.. #
♣♣......{...# #.....#
♣♣.........# #......
♣.......).# #.......
♣.........# #.......
♣.........# ......
............
########+#...


There were no monsters in sight!

Vanquished Creatures
  3 gnolls (D:2)
  2 adders
  A worm (D:2)
  A dart slug (D:1)
  3 bats
  2 endoplasms (D:1)
  6 giant cockroaches (D:2)
  3 goblins (D:1)
  A hobgoblin (D:1)
  A jackal (D:1)
  2 quokkas
  9 ball pythons
  5 frilled lizards
  4 kobolds
  7 rats
50 creatures vanquished.

Vanquished Creatures (others)
  8 plants (D:2)
8 creatures vanquished.

Grand Total: 58 creatures vanquished

Notes
Turn   | Place    | Note
-------+----------+-------------------------------------------
     0 | D:1      | blackman the Human Monk began the quest for the Orb.
     0 | D:1      | Reached XP level 1. HP: 18/18 MP: 1/1
   178 | D:1      | Reached XP level 2. HP: 15/24 MP: 2/2
   815 | D:1      | Reached XP level 3. HP: 30/30 MP: 3/3
   877 | D:1      | Found a faded altar of an unknown god.
   893 | D:1      | Prayed at the altar of an unknown god.
   893 | D:1      | Became a worshipper of Zin the Law-Giver
   893 | D:1      | Reached * piety under Zin
   893 | D:1      | Reached ** piety under Zin
   893 | D:1      | Reached *** piety under Zin
  1222 | D:2      | Found a radiant altar of Vehumet.
  1265 | D:2      | Reached XP level 4. HP: 27/37 MP: 4/4
  1753 | D:2      | Reached **** piety under Zin
  2389 | D:3      | Noticed Sigmund
  2396 | D:3      | Reached XP level 5. HP: 42/42 MP: 5/5
  2411 | D:3      | Slain by Sigmund

Illustrated notes

Levels and vault maps discovered:
D:1:      grunt_arrival_crossed_arrows, layout_loops_ring,
          nicolae_ecumenical_snake_handling, minmay_tiny_reverse_x
D:2:      layout_loops_corners, basic_altar, nicolae_grassy_gnolls
D:3:      layout_basic, lemuel_round_altar, zin_angel, nrook_campfire,
          uniq_sigmund

Skill      XL: |  1  2  3  4 |
---------------+-------------+-----
Axes           | 4 |  4.3
Fighting       | 4 |  4.2
Dodging        | |  3.0
Stealth        | |  2.0

Action                   |  1- 3 |  4- 6 || total
-------------------------+-------+-------++-------
Melee: Hand axe          |    31 |       ||    31
       Spear             |    41 |    52 ||    93
       Punch             |     1 |       ||     1
  Use: Potion            |       |     3 ||     3
       Scroll            |       |     2 ||     2
 Stab: Sleeping          |     6 |     4 ||    10
       Distracted        |       |     1 ||     1
Armor: Robe              |     9 |     6 ||    15
Dodge: Dodged            |    48 |    20 ||    68

Table legend: (Time is in decaauts)
 A = Elapsed time spent in this place.
 B = Non-inter-level travel time spent in this place.
 C = Inter-level travel time spent in this place.
 D = Time resting spent in this place.
 E = Time spent auto-exploring this place.
 F = Levels seen in this place.
 G = Mean time per level.
                   A        B        C        D        E       F      G
               +--------+--------+--------+--------+--------+-----+--------+
         Total |   2412 |   2359 |     53 |      0 |   2043 |   3 |  804.0 |
       Dungeon |   2412 |   2359 |     53 |      0 |   2043 |   3 |  804.0 |
               +--------+--------+--------+--------+--------+-----+--------+

Top non-repeatable levels by time:
     D:2: 1145 daAuts
     D:1: 1093 daAuts
     D:3: 174 daAuts
